 Dungeon Crawl Stone Soup version 0.31-a0-640-g39d97e502b (webtiles) character file.

Game seed: 1614695365923221514

617 avis the Cleaver (level 7, -4/64 HPs)
             Began as a Hill Orc Monk on Aug 27, 2023.
             Was a Believer of Beogh.
             Slain by Duvessa
             ... wielding a +4 rapier of freezing
              (9 damage)
             ... on level 4 of the Dungeon.
             The game lasted 00:20:46 (4678 turns).

avis the Cleaver (Hill Orc Monk)                    Turns: 4678, Time: 00:20:47

Health: -4/64      AC: 10    Str: 16    XL:     7   Next: 45%
Magic:  7/7        EV:  7    Int: 10    God:    Beogh [**....]
Gold:   8          SH:  0    Dex: 13    Spells: 6/6 levels left

rFire   . . .        a - +0 hand axe
rCold   . . .        d - orb {light}
rNeg    . . .        r - +0 chain mail
rPois   .            p - +0 helmet
rElec   .            i - +0 cloak
rCorr   .            (no gloves)
SInv    .            (no boots)
Will    .....        A - amulet of the acrobat Stlth
                     (no ring)
HPRegen 0.30/turn    (no ring)
MPRegen 0.10/turn

%: acrobat
@: confused, ambrosia-drunk, glowing
A: no striking features
a: Renounce Religion, Smiting


You were on level 4 of the Dungeon.
You worshipped Beogh.
Beogh was pleased with you.
You visited 2 branches of the dungeon, and saw 5 of its levels.

You collected 167 gold pieces.
You spent 159 gold pieces at shops.

Inventory:

Hand Weapons
 a - a +0 hand axe (weapon)
 b - a +0 sling
 j - a +0 trident
Missiles
 h - 3 poisoned darts
 B - 5 boomerangs
Armour
 d - an orb of light (worn)
 i - a +0 cloak (worn)
 p - a +0 helmet (worn)
 r - a +0 chain mail (worn)
Jewellery
 q - an amulet of faith
 A - an amulet of the acrobat (around neck)
Wands
 t - a wand of flame (22)
 w - a wand of polymorph (14)
Scrolls
 e - 4 scrolls of teleportation {unknown}
 f - 2 scrolls of vulnerability {unknown}
 g - a scroll of fear
 m - a scroll of brand weapon {unknown}
 u - 2 scrolls of enchant weapon {unknown}
 x - a scroll of poison {unknown}
Potions
 l - a potion of enlightenment
 y - a potion of lignification {unknown}
 z - a potion of brilliance {unknown}


   Skills:
 + Level 6.5 Fighting
 * Level 9.3 Axes
 - Level 2.4 Dodging


You had 6 spell levels left.
You didn't know any spells.
Your spell library contained the following spells:

 Spells                   Type           Power      Damage    Failure   Level
 Freeze                   Ice            0%         1d3       99%         1
 Frozen Ramparts          Ice            0%         1d1       100%        3
 Hailstorm                Conj/Ice       0%         3d3       100%        3


Dungeon Overview and Level Annotations

Branches:
Dungeon (4/15)             Temple (1/1) D:4

Altars:
Ashenzari
Gozag
Hepliaklqana
Kikubaaqudgha
Makhleb
Nemelex Xobeh
Ru
Sif Muna
Vehumet
Wu Jian
Yredelemnul
The Shining One

Shops:
D:2 :*?(

Annotations:
D:3 2 runed translucent doors, sampeng1's ghost, amateur HuBe
D:4 Dowan; Duvessa


Message History

Duvessa is lightly wounded.
You hit Dowan. Dowan barely misses you. Duvessa hits you but does no damage.
Dowan misses you. Duvessa completely misses you.
Dowan smirks and points a slender finger.
Dowan barely misses you. Dowan misses you.
Duvessa hits you with a +4 rapier of freezing.
* * * LOW HITPOINT WARNING * * *
Duvessa freezes you.
* * * LOW HITPOINT WARNING * * *
There is a stone staircase leading up, spattered with blood here.
You're too confused to move!
Dowan gestures at Duvessa while chanting.
Duvessa seems to speed up.
Duvessa closely misses you.
You hit Duvessa but do no damage.
Duvessa is lightly wounded.
You hit Dowan. Dowan hits you but does no damage.
Duvessa hits you with a +4 rapier of freezing.
* * * LOW HITPOINT WARNING * * *
Duvessa freezes you.
* * * LOW HITPOINT WARNING * * *
You bump into the rock wall.
Duvessa hits you with a +4 rapier of freezing!
* * * LOW HITPOINT WARNING * * *
Duvessa freezes you.
* * * LOW HITPOINT WARNING * * *
Dowan casts a spell at you. The puff of frost hits you.
* * * LOW HITPOINT WARNING * * *
You hit Duvessa but do no damage.
Duvessa is lightly wounded.
You closely miss Dowan.
Duvessa hits you with a +4 rapier of freezing.
* * * LOW HITPOINT WARNING * * *
Duvessa freezes you.
* * * LOW HITPOINT WARNING * * *
Dowan hits you with a +0 dagger of speed.
* * * LOW HITPOINT WARNING * * *
Duvessa hits you with a +4 rapier of freezing!
You die...

##.....
...... #
#.... .. #
#... .. #.
#.. ..
#.##.# .#
##.#e#.###.#
#...@......#
#._e......##
#.........#
##........#
##.......#
#.......#
#.......#
####.####


You could see Duvessa (fast) and Dowan.

Vanquished Creatures
  Sigmund (D:2)
  Eustachio (D:3)
  Blork the orc (D:3)
  A hound (D:2)
  Jessica (D:2)
  Natasha (thrice) (D:2)
  3 adders
  A worm (D:3)
  6 dart slugs
  7 orcs
  10 endoplasms
  4 goblins
  8 hobgoblins
  3 jackals (D:3)
  4 kobolds (D:1)
  2 quokkas (D:1)
  8 ball pythons
  5 bats
  4 rats
73 creatures vanquished.

Notes
Turn   | Place    | Note
-------+----------+-------------------------------------------
     0 | D:1      | avis the Hill Orc Monk began the quest for the Orb.
     0 | D:1      | Reached XP level 1. HP: 19/19 MP: 1/1
   221 | D:1      | Reached XP level 2. HP: 27/27 MP: 2/2
   672 | D:1      | Reached skill level 5 in Axes
   677 | D:1      | Reached XP level 3. HP: 33/33 MP: 3/3
   941 | D:2      | Found Owaitzal's General Store.
  1047 | D:2      | Noticed Sigmund
  1131 | D:2      | Noticed Natasha
  1183 | D:2      | Reached XP level 4. HP: 34/41 MP: 4/4
  1334 | D:2      | Found Utsot's Book Boutique.
  1370 | D:2      | Noticed Jessica
  1384 | D:2      | Killed Jessica
  1385 | D:2      | Reached skill level 6 in Axes
  1638 | D:2      | Found Efiv's Magic Scroll Shop.
  1651 | D:2      | Bought a scroll of noise for 11 gold pieces
  1651 | D:2      | Bought a scroll of identify for 22 gold pieces
  1651 | D:2      | Bought a scroll of fear for 44 gold pieces
  1818 | D:2      | Killed Natasha
  1819 | D:2      | Reached XP level 5. HP: 36/47 MP: 5/5
  2013 | D:2      | Reached skill level 5 in Fighting
  2180 | D:2      | Found Zeekh's Weapon Boutique.
  2397 | D:2      | Noticed Natasha
  2467 | D:2      | Killed Sigmund
  2468 | D:2      | Reached skill level 7 in Axes
  2468 | D:2      | Reached XP level 6. HP: 40/57 MP: 6/6
  2533 | D:2      | Killed Natasha
  2534 | D:2      | Reached skill level 8 in Axes
  2852 | D:2      | Noticed Natasha
  2865 | D:2      | Killed Natasha
  3798 | D:3      | Found a large runed translucent door.
  3798 | D:3      | Found a large runed translucent door.
  3800 | D:3      | Noticed sampeng1's ghost (amateur HuBe)
  4016 | D:2      | Bought a scroll of enchant armour for 82 gold pieces
  4069 | D:4      | Found a staircase to the Ecumenical Temple.
  4070 | D:4      | Became a worshipper of Beogh the Brigand
  4070 | D:4      | Reached * piety under Beogh
  4070 | D:4      | Reached ** piety under Beogh
  4077 | Temple   | Entered the Ecumenical Temple
  4220 | D:4      | Found a hazy altar of Hepliaklqana.
  4256 | D:4      | Noticed Blork the orc
  4256 | D:4      | Noticed Duvessa
  4256 | D:4      | Found a burning altar of Makhleb.
  4257 | D:4      | Noticed Dowan
  4272 | D:3      | Killed Blork the orc
  4273 | D:3      | Reached XP level 7. HP: 32/63 MP: 7/7
  4378 | D:4      | Noticed Eustachio
  4537 | D:3      | Killed Eustachio
  4538 | D:3      | Reached skill level 9 in Axes
  4678 | D:4      | Slain by Duvessa

Illustrated notes

Levels and vault maps discovered:
D:1:      minmay_arrival_doors, layout_loops_cross
D:2:      layout_basic, serial_shops, nicolae_shop_rolling_square, shop,
          nicolae_diamond_shop, nicolae_book_shop_shelving, uniq_sigmund,
          uniq_natasha, uniq_jessica
D:3:      layout_loops_corners, ebering_ghost_disaster_area,
          minmay_misc_feat_plants
D:4:      layout_loops_cross, bloody_makhleb, nicolae_elyvilon_temple_path,
          kennysheep_little_box, lemuel_coloured_pillars_altar,
          mainiacjoe_overflow_concentric_impassable,
          minmay_temple_entry_proselytizer, uniq_eustachio, uniq_blork_the_orc,
          uniq_duvessa
Temple:   hellmonk_temple_flake

Skill      XL: |  1  2  3  4  5  6  7 |
---------------+----------------------+-----
Fighting       | 4 5 6 |  6.5
Axes           | 5 6 7 8 9 |  9.3
Dodging        | |  2.4

Action                     |  1- 3 |  4- 6 |  7- 9 || total
---------------------------+-------+-------+-------++-------
  Melee: Hand axe          |    90 |   125 |    32 ||   247
   Fire: Sling             |       |    27 |       ||    27
 Invoke: Convert to Beogh  |       |     1 |       ||     1
    Use: Scroll            |       |     3 |       ||     3
         Potion            |       |       |     1 ||     1
 Armour: Robe              |     8 |       |       ||     8
         Ring mail         |    20 |     7 |       ||    27
         Chain mail        |       |    60 |    27 ||    87
         Skin              |       |     2 |       ||     2
  Dodge: Dodged            |    55 |    37 |    18 ||   110

Table legend: (Time is in decaauts)
 A = Elapsed time spent in this place.
 B = Non-inter-level travel time spent in this place.
 C = Inter-level travel time spent in this place.
 D = Time resting spent in this place.
 E = Time spent auto-exploring this place.
 F = Levels seen in this place.
 G = Mean time per level.
                   A        B        C        D        E       F      G
               +--------+--------+--------+--------+--------+-----+--------+
         Total |   4703 |   3943 |    760 |    815 |   2091 |   5 |  940.6 |
       Dungeon |   4686 |   3926 |    760 |    815 |   2091 |   4 | 1171.5 |
        Temple |     16 |     16 |      0 |      0 |      0 |   1 |   16.0 |
               +--------+--------+--------+--------+--------+-----+--------+

Top non-repeatable levels by time:
     D:2: 1850 daAuts
     D:3: 1566 daAuts
     D:1: 1063 daAuts
     D:4: 206 daAuts
  Temple: 16 daAuts
